cohdb
Replays
Latest Replays
All Replays
Popular Replays
Top Player Replays
Match Explorer
How It Works
Community
CoH3 Stats
Reddit
Sign in to upload your games and track your stats! →
Sign in with Steam
Match 45383758
Unlisted
Match 45383758
Overview
Messages
Build Orders
End
Panzergrenadier Squad
250 Light Carrier
Selects Panzerjäger Kommand Battlegroup
Selects Mine Fields
Panzergrenadier Squad
Construct Light Support Kompanie
Combat Half-tracks
250 Light Carrier
Fire Support Elements
Panzerjäger Mechanized Group
Selects Tank Busters
2.5-tonne Medical Truck
MG34 Team
Construct Panzerarmee Kommand
Selects Defensive Positions
2.5-tonne Medical Truck
Pak 38 Anti-tank Gun Team
Walking Stuka Rocket Launcher
Selects Butterfly Bomb Drop
Veteran Squad Leaders
Walking Stuka Rocket Launcher
Armored Reserves
Selects Crew Shock Tactics
Tiger Heavy Tank
2.5-tonne Medical Truck
Panzerpioneer Squad
Butterfly Bomb Drop
Advanced Field Repairs
Panzerpioneer Squad
Walking Stuka Rocket Launcher
Butterfly Bomb Drop
Flak 36 Anti-tank Gun Team
Selects Elefant Tank Destroyer
cheems
Jm200092
JangHan
我杀你是给足你面子
Tempestus Scion_plasma gun
Grim reaper No.0032
黄色的鸟人
FreeFragNo.1
0
0
Comments
sign in to comment!
No comments posted yet!